 Dungeon Crawl Stone Soup version 0.20.0-8-g6b59dc7 (webtiles) character file.

75 smedtjen the Skirmisher (level 4, 0/37 HPs)
             Began as a Demonspawn Abyssal Knight on May 30, 2017.
             Was a Follower of Lugonu.
             Succumbed to an adder's poison
             ... on level 2 of the Dungeon.
             The game lasted 00:10:26 (3749 turns).

smedtjen the Skirmisher (Demonspawn Abyssal Knight) Turns: 3749, Time: 00:10:27

Health: 0/37       AC:  6    Str: 14      XL:     4   Next: 11%
Magic:  6/6        EV: 10    Int: 10 (13) God:    Lugonu [*.....]
Gold:   92         SH:  0    Dex:  9 (12) Spells: 3/3 levels left

rFire    . . .     SeeInvis .   i - -2 short sword (curse)
rCold    . . .     Gourm    .   (no shield)
rNeg     . . .     Faith    .   o - +1 ring mail
rPois    .         Spirit   .   (no helmet)
rElec    .         Reflect  .   (no cloak)
rCorr    .         Harm     .   (no gloves)
MR       .....                  (no boots)
Stlth    ..........             d - amulet of magic regeneration
Regen    0.2/turn               (no ring)
MPRegen  0.2/turn               (no ring)

@: lethally poisoned (0 -> -8)
A: claws 1, talons 1, demonic guardian 1
a: Depart the Abyss, Renounce Religion


You were on level 2 of the Dungeon.
You worshipped Lugonu.
Lugonu was aware of your devotion.
You were not hungry.

You visited 1 branch of the dungeon, and saw 2 of its levels.
You visited the Abyss 1 time.

You collected 92 gold pieces.

Inventory:

Hand Weapons
 a - a +1 hand axe
 i - a cursed -2 short sword (weapon)
 j - a cursed +0 hand axe
Missiles
 e - 9 stones
 l - 6 tomahawks (quivered)
Armour
 b - a +0 leather armour
 o - a +1 ring mail (worn)
Jewellery
 d - an amulet of magic regeneration (around neck)
 f - an uncursed ring of protection from fire {unknown}
Comestibles
 c - a bread ration
 h - 2 fruits


   Skills:
 + Level 3.7 Fighting
 + Level 0.8 Short Blades
 + Level 1.9 Axes
 + Level 2.7 Armour
 + Level 1.3 Dodging
 + Level 0.2 Stealth
 + Level 2.7 Invocations


You had 3 spell levels left.
You didn't know any spells.

Dungeon Overview and Level Annotations

Branches:
Dungeon (2/15)

Altars:
Ru


Innate Abilities, Weirdness & Mutations

You have sharp fingernails.
You have sharp toenails.
A weak demonic guardian rushes to your aid.


Message History

The adder bites you.
* * * LOW HITPOINT WARNING * * *
You are lethally poisoned!
The adder poisons you! The adder bites you but does no damage.
You barely miss the adder. Your kick misses the adder.
The adder is severely wounded.
* * * LOW HITPOINT WARNING * * *
You feel sick. The adder closely misses you.
As you read the scroll of teleportation, it crumbles to dust.
You feel strangely unstable.
* * * LOW HITPOINT WARNING * * *
You feel sick. The adder bites you but does no damage. The adder bites you.
* * * LOW HITPOINT WARNING * * *
You are more poisoned.
The adder poisons you!
* * * LOW HITPOINT WARNING * * *
You feel sick.
Your surroundings suddenly seem different.
You die...

##..###'#'###
####### ##..
..#.....#
.......
.....#.....#
##...##
...#####...# #.
... #_..!.#
#... #(....##
..# #+≈≈≈..#
..#...≈..#.####
......≈@.......
#...≈≈≈≈.#.####
......≈..#
#####
......≈...
.....
##########.
.#### .# # . #
#+


There were no monsters in sight!

Vanquished Creatures
  2 adders (D:2)
  4 dart slugs (D:1)
  A leopard gecko (D:1)
  4 bats
  4 giant cockroaches
  3 goblins
  6 hobgoblins
  8 jackals
  7 frilled lizards
  4 kobolds (D:1)
  3 rats
46 creatures vanquished.

Notes
Turn   | Place    | Note
-------+----------+-------------------------------------------
     0 | Abyss:1  | smedtjen the Demonspawn Abyssal Knight began the quest for the Orb.
     0 | Abyss:1  | Reached XP level 1. HP: 18/18 MP: 2/2
    24 | Abyss:1  | Found a corrupted altar of Lugonu.
   134 | Abyss:1  | Found a viscous altar of Jiyva.
   173 | Abyss:1  | Noticed an ancient zyme
   173 | D:1      | Escaped the Abyss
   472 | D:1      | Gained mutation: A weak demonic guardian rushes to your aid. [demonic ancestry]
   472 | D:1      | Reached XP level 2. HP: 23/24 MP: 3/3
   488 | D:1      | Reached * piety under Lugonu
   636 | D:1      | Reached skill level 1 in Dodging
  1349 | D:1      | Gained mutation: You have sharp toenails. [demonic ancestry]
  1349 | D:1      | Reached XP level 3. HP: 25/29 MP: 5/5
  3472 | D:2      | Gained mutation: You have sharp fingernails. [demonic ancestry]
  3472 | D:2      | Reached XP level 4. HP: 27/37 MP: 6/6
  3748 | D:2      | HP: 1/37 [poisoned by an adder]
  3749 | D:2      | Found a sacrificial altar of Ru.
  3749 | D:2      | Succumbed to an adder's poison

Skill      XL: |  1  2 |
---------------+-------+-----
Armour         | 2 |  2.7
Dodging        | 1 |  1.3
Fighting       | |  3.7
Short Blades   | |  0.8
Axes           | |  1.9
Stealth        | |  0.2
Invocations    | |  2.7

Action                   |  1- 3 |  4- 6 || total
-------------------------+-------+-------++-------
Melee: Short sword       |   348 |    46 ||   394
       Hand axe          |    12 |       ||    12
       Kick              |    44 |     4 ||    48
Invok: Depart the Abyss  |     1 |       ||     1
  Use: Scroll            |     6 |     1 ||     7
       Potion            |     3 |       ||     3
  Eat: Bread ration      |     1 |       ||     1
       Chunk             |     4 |       ||     4
       Meat ration       |       |     1 ||     1
Armor: Ring mail         |   188 |    23 ||   211
       Leather armour    |     1 |       ||     1
Dodge: Dodged            |   226 |    30 ||   256
